 Dungeon Crawl Stone Soup version 0.28-a0-655-g4eb62b627b (webtiles) character file.

Game seed: 1192802097819988613

892 funkygono the Firebug (level 8, -4/41 HPs)
             Began as a Gargoyle Fire Elementalist on Oct 13, 2021.
             Slain by a yak (10 damage)
             ... on level 4 of the Dungeon.
             The game lasted 00:16:04 (5691 turns).

funkygono the Firebug (Gargoyle Fire Elementalist)  Turns: 5691, Time: 00:16:05

Health: -4/41      AC: 12    Str: 12    XL:     8   Next: 6%
Magic:  10/15      EV: 11    Int: 18    God:
Gold:   135        SH:  6    Dex: 12    Spells: 7/17 levels left

rFire   . . .      SeeInvis .   i - +0 whip
rCold   . . .      Faith    .   m - +3 buckler of Repulsion {Rampage rPois rN+ Dex+2}
rNeg    + + .      Spirit   .   a - +0 robe
rPois   ∞          Reflect  .   n - +0 helmet
rElec   +          Harm     .   (no cloak)
rCorr   .          Rampage  +   f - +1 pair of gloves
Will    +....                   b - +1 pair of boots
Stlth   ++........              (no amulet)
HPRegen 0.13/turn               j - ring of willpower
MPRegen 0.14/turn               (no ring)

@: no status effects
A: sickness immunity, AC +5, negative energy resistance 1, electricity
resistance, torment resistance 1, petrification resistance
a: no special abilities


You were on level 4 of the Dungeon.
You visited 1 branch of the dungeon, and saw 5 of its levels.

You collected 306 gold pieces.
You spent 171 gold pieces at shops.

Inventory:

Hand Weapons
 i - a +0 whip (weapon)
Missiles
 c - 134 stones
Armour
 a - a +0 robe (worn)
 b - a +1 pair of boots (worn)
 f - a +1 pair of gloves (worn)
 m - the +3 buckler of Repulsion (worn) {Rampage rPois rN+ Dex+2}
   (You bought it in a shop on level 3 of the Dungeon)

   Dex:       It affects your dexterity (+2).
   rPois:     It protects you from poison.
   rN:        It protects you from negative energy.
   Rampage:   It bestows one free step when moving towards enemies.
 n - a +0 helmet (worn)
Jewellery
 h - an amulet of the acrobat
 j - a ring of willpower (left hand)
 u - the ring of Curiosity {rC++ Slay+4}
   (You found it on level 5 of the Dungeon)

   [ring of slaying]

   Slay:      It affects your accuracy & damage with ranged weapons and melee
   (+4).
   rC:        It greatly protects you from cold.
Wands
 q - a wand of flame (12)
Scrolls
 l - a scroll of teleportation
 s - a scroll of identify
Potions
 d - a potion of berserk rage {unknown}
 e - a potion of magic
 g - a potion of flight
 k - a potion of curing {unknown}
 o - a potion of lignification {unknown}
 p - a potion of heal wounds {unknown}
 r - a potion of resistance {unknown}
 t - a potion of ambrosia {unknown}


   Skills:
 + Level 0.2 Fighting
 + Level 1.1 Maces & Flails
 + Level 1.9 Dodging
 - Level 2.1 Stealth
 * Level 1.2 Shields
 * Level 5.2 Spellcasting
 * Level 4.2 Conjurations
 * Level 6.1 Fire Magic


You had 7 spell levels left.
You knew the following spells:

 Your Spells              Type           Power      Damage    Failure   Level
a - Foxfire               Conj/Fire      92%        2x1d8     2%          1
b - Scorch                Fire           52%        2d8       2%          2
c - Conjure Flame         Conj/Fire      23%        6-21      7%          3
d - Flame Wave            Conj/Fire      23%        3d6       22%         4

Your spell library contained the following spells:

 Spells                   Type           Power      Damage    Failure   Level
 Inner Flame              Hex/Fire       15%        N/A       16%         3
 Gell's Gravitas          Tloc           2%         N/A       50%         3
 Teleport Other           Tloc           4%         N/A       50%         3
 Dispersal                Tloc           2%         N/A       100%        6


Dungeon Overview and Level Annotations

Branches:
Dungeon (5/15)
 Temple: D:4-7

Altars:
Ashenzari
Wu Jian
Xom

Shops:
D:3 *


Innate Abilities, Weirdness & Mutations

You are immune to sickness and miasma.
Your stone body is resilient. (AC +5)
You are immune to poison.
You resist negative energy. (rN+)
You are resistant to electric shocks. (rElec)
You are resistant to unholy torment.
You are immune to petrification.


Message History

The foxfire hits the yak.
The yak is severely wounded.
Casting: Foxfire (safe; 2% risk of failure)
Confirm with . or Enter, or press ? or * to list all spells.
You conjure some foxfire!
The foxfire hits the yak.
The yak is severely wounded.
The foxfire hits the yak but does no damage.
The yak is severely wounded.
There is a stone staircase leading up here.
You block the yak's attack.
Casting: Foxfire (safe; 2% risk of failure)
Confirm with . or Enter, or press ? or * to list all spells.
You conjure some foxfire!
The yak gores you.
* * * LOW HITPOINT WARNING * * *
The foxfire hits the yak.
The yak is moderately wounded.
The foxfire hits the yak.
The yak is heavily wounded.
The yak gores you.
* * * LOW HITPOINT WARNING * * *
Casting: Foxfire (safe; 2% risk of failure)
Confirm with . or Enter, or press ? or * to list all spells.
You conjure some foxfire!
The yak barely misses you.
Casting: Foxfire (safe; 2% risk of failure)
Confirm with . or Enter, or press ? or * to list all spells.
You conjure some foxfire!
The foxfire hits the yak but does no damage.
The yak is heavily wounded.
The foxfire hits the yak.
The yak is heavily wounded.
The yak misses you.
The foxfire hits the yak but does no damage.
The yak is heavily wounded.
The foxfire hits the yak.
The yak is severely wounded.
You see here a +0 hand axe.
Items here: )) [[.
The yak gores you!
You die...

#.....# ##.#########....#)....#
#.....######...########...#..####
#...............##...####.#..#⌠.#
#############.........###....#...
###).......##.#####..
##..........#...#..
################.......##.#...'..
............>....>........#...#..
################@YY).....)####...
#...<...#.....#...
#.......#.....#⌠..
##.....####...#### ##...##
##.....# ##### #.....# ###...#
##... #...


You could see 2 yaks.

Vanquished Creatures
  An acid dragon (D:4)
  2 necrophages
  An ogre (D:4)
  A bullfrog (D:4)
  3 scorpions (D:4)
  A jelly (D:3)
  A bullfrog zombie (D:5)
  A bullfrog skeleton (D:4)
  2 orc wizards (D:4)
  4 adders
  An adder skeleton (D:4)
  3 worms
  2 dart slugs
  An orc (D:4)
  9 endoplasms
  7 giant cockroaches
  4 goblins
  8 hobgoblins
  3 jackals (D:1)
  4 quokkas
  6 ball pythons
  6 bats
  4 frilled lizards
  9 kobolds
  3 rats
87 creatures vanquished.

Vanquished Creatures (collateral kills)
  4 foxfires (D:1)
4 creatures vanquished.

Vanquished Creatures (others)
  317 foxfires
  11 plants
  19 withered plants (D:1)
347 creatures vanquished.

Grand Total: 438 creatures vanquished

Notes
Turn   | Place    | Note
-------+----------+-------------------------------------------
     0 | D:1      | funkygono the Gargoyle Fire Elementalist began the quest
                  | for the Orb.
     0 | D:1      | Reached XP level 1. HP: 10/10 MP: 3/3
   240 | D:1      | Reached XP level 2. HP: 15/15 MP: 0/5
   785 | D:1      | Reached XP level 3. HP: 19/19 MP: 4/6
   788 | D:1      | Learned a level 2 spell: Scorch
   792 | D:1      | Learned a level 3 spell: Conjure Flame
  1014 | D:1      | Found a faded altar of an unknown god.
  1716 | D:2      | Found an ornate altar of the Wu Jian Council.
  2248 | D:2      | Reached skill level 4 in Fire Magic
  2248 | D:2      | Reached XP level 4. HP: 20/24 MP: 0/7
  3216 | D:3      | Found Jiemit's Assorted Antiques.
  3271 | D:3      | Reached XP level 5. HP: 24/28 MP: 6/9
  3906 | D:3      | Learned a level 4 spell: Flame Wave
  4123 | D:4      | Found a broken altar of Ashenzari.
  4129 | D:4      | Reached XP level 6. HP: 32/32 MP: 4/11
  4134 | D:4      | Noticed a necrophage
  4167 | D:4      | Killed a necrophage
  4168 | D:4      | Reached skill level 5 in Fire Magic
  4455 | D:4      | Noticed an acid dragon
  4461 | D:4      | Killed an acid dragon
  4462 | D:4      | Reached XP level 7. HP: 36/36 MP: 4/13
  4583 | D:3      | Bought a blackened buckler for 171 gold pieces
  4583 | D:3      | Identified the +3 buckler of Repulsion {Rampage rPois rN+
                  | Dex+2} (You bought it in a shop on level 3 of the Dungeon)
  4614 | D:4      | Reached skill level 1 in Maces & Flails
  4829 | D:4      | Reached skill level 1 in Shields
  5088 | D:5      | Entered Level 5 of the Dungeon
  5088 | D:5      | Found a shimmering altar of Xom.
  5101 | D:5      | Reached skill level 6 in Fire Magic
  5105 | D:5      | Reached skill level 5 in Spellcasting
  5242 | D:5      | Reached XP level 8. HP: 41/41 MP: 8/15
  5312 | D:5      | Identified the ring of Curiosity {rC++ Slay+4}
  5321 | D:5      | Noticed a yak
  5321 | D:5      | Noticed a yak
  5326 | D:5      | Noticed a yak
  5337 | D:5      | Noticed a yak
  5338 | D:5      | Noticed a yak
  5339 | D:5      | Noticed a yak
  5691 | D:4      | Slain by a yak

Illustrated notes

Levels and vault maps discovered:
D:1:      minmay_arrival_widening_spiral_wide, layout_basic,
          shapermc_ecumenical_altar_flowoftime
D:2:      layout_loops_ring, basic_altar
D:3:      layout_loops_cross, serial_forest, infiniplex_forest_zigzag_2,
          infiniplex_forest_end_2, infiniplex_forest_clump_long,
          infiniplex_forest_zigzag_1, serial_shops, nicolae_shop_trees
D:4:      layout_rooms, evilmike_ruin_ashenzari
D:5:      layout_loops_ring, mainiacjoe_overflow_chevrons,
          minmay_temple_entry_tees, uniq_blork_the_orc

Skill      XL: |  1  2  3  4  5  6  7 |
---------------+----------------------+-----
Conjurations   | 2 3 4 |  4.2
Fire Magic     | 4 5 6 |  6.1
Spellcasting   | 3 4 5 |  5.2
Maces & Flails | 1 |  1.1
Shields        | 1 |  1.2
Fighting       | |  0.2
Dodging        | |  1.9
Stealth        | |  2.1

Action                   |  1- 3 |  4- 6 |  7- 9 || total
-------------------------+-------+-------+-------++-------
Melee: Club              |    42 |       |       ||    42
       Whip              |     3 |    36 |    17 ||    56
 Cast: Foxfire           |    66 |    68 |    58 ||   192
       Scorch            |     1 |    14 |     7 ||    22
       Conjure Flame     |       |       |     2 ||     2
  Use: Scroll            |       |     4 |     3 ||     7
Armor: Robe              |     6 |    13 |    17 ||    36
Dodge: Dodged            |    22 |    20 |    20 ||    62
Block: Buckler           |       |       |    13 ||    13

Table legend: (Time is in decaauts)
 A = Elapsed time spent in this place.
 B = Non-inter-level travel time spent in this place.
 C = Inter-level travel time spent in this place.
 D = Time resting spent in this place.
 E = Time spent auto-exploring this place.
 F = Levels seen in this place.
 G = Mean time per level.
                   A        B        C        D        E       F      G
               +--------+--------+--------+--------+--------+-----+--------+
         Total |   5708 |   5597 |    111 |   1890 |   1254 |   5 | 1141.6 |
       Dungeon |   5708 |   5597 |    111 |   1890 |   1254 |   5 | 1141.6 |
               +--------+--------+--------+--------+--------+-----+--------+

Top non-repeatable levels by time:
     D:1: 1492 daAuts
     D:4: 1321 daAuts
     D:2: 1311 daAuts
     D:3: 1254 daAuts
     D:5: 328 daAuts
